 Dungeon Crawl Stone Soup version 0.31.0-4-g52a2dc7128 (webtiles) character file.

Game seed: 12665289582002047507

177 H0rd4k the Cudgeller (level 5, 0/41 HPs)
             Began as a Human Artificer on Jan 22, 2024.
             Succumbed to an adder's poison
             ... on level 3 of the Dungeon.
             The game lasted 00:02:24 (2559 turns).

H0rd4k the Cudgeller (Human Artificer)              Turns: 2559, Time: 00:02:25

Health: 0/41       AC:  4    Str: 12    XL:     5   Next: 57%
Magic:  5/5        EV: 11    Int: 13    God:
Gold:   84         SH:  0    Dex: 14    Spells: 4/4 levels left

rFire   . . .        a - +0 club
rCold   . . .        (no shield)
rNeg    . . .        b - +0 leather armour
rPois   .            (no helmet)
rElec   .            (no cloak)
rCorr   .            (no gloves)
SInv    .            c - +0 pair of boots
Will    .....        (no amulet)
Stlth   +            (no ring)
HPRegen 0.26/turn    (no ring)
MPRegen 0.09/turn

%: no passive effects
@: lethally poisoned (0 -> -1)
A: explore regen
a: no special abilities


You were on level 3 of the Dungeon.
You visited 1 branch of the dungeon, and saw 3 of its levels.

You collected 84 gold pieces.

Inventory:

Hand Weapons
 a - a +0 club (weapon)
Missiles
 g - 2 poisoned darts
Armour
 b - a +0 leather armour (worn)
 c - a +0 pair of boots (worn)
 p - a +0 pair of boots
Magical Staves
 i - a staff of conjuration
Jewellery
 j - an amulet of faith
 t - an amulet of reflection
Wands
 d - a wand of charming (14)
 e - a wand of iceblast (4)
Scrolls
 f - 2 scrolls of vulnerability {unknown}
 l - 3 scrolls of noise {unknown}
 n - a scroll of identify {unknown}
 o - a scroll of teleportation {unknown}
 r - a scroll of enchant weapon {unknown}
 s - a scroll of amnesia {unknown}
Potions
 h - a potion of heal wounds {unknown}
 k - a potion of curing {unknown}
 m - a potion of attraction {unknown}
 q - 3 potions of enlightenment {unknown}


   Skills:
 + Level 3.4 Fighting
 + Level 3.7 Maces & Flails
 - Level 2.0 Armour
 - Level 1.0 Dodging
 - Level 1.0 Stealth
 - Level 3.0 Evocations


You had 4 spell levels left.
You didn't know any spells.
Your spell library contained the following spells:

 Spells                   Type           Power      Damage    Failure   Level
 Kiss of Death            Conj/Necr      0%         2d5       36%         1
 Ensorcelled Hibernation  Hex/Ice        0%         N/A       52%         2
 Confusing Touch          Hex            0%         N/A       75%         3
 Dazzling Flash           Conj/Hex       0%         N/A       75%         3
 Frozen Ramparts          Ice            0%         1d1       75%         3
 Fugue of the Fallen      Necr           0%         N/A       75%         3
 Mephitic Cloud           Conj/Alch/Air  0%         N/A       75%         3
 Anguish                  Hex/Necr       0%         N/A       98%         4
 Dispel Undead            Necr           0%         3d6       98%         4
 Leda's Liquefaction      Alch/Erth      0%         N/A       98%         4
 Petrify                  Alch/Erth      0%         N/A       98%         4
 Curse of Agony           Necr           0%         N/A       100%        5
 Metabolic Englaciation   Hex/Ice        0%         N/A       100%        5
 Silence                  Hex/Air        0%         N/A       100%        5


Dungeon Overview and Level Annotations

Branches:
Dungeon (3/15)

Altars:
Qazlal

Annotations:
D:2 1 runed translucent door, exclusion: door, Crazy Yiuf


Innate Abilities, Weirdness & Mutations

You regain HP and MP as you explore.


Message History

You feel sick. The adder bites you but does no damage.
The rat bites you but does no damage. The adder bites you but does no damage.
You barely miss the adder.
The adder is severely wounded.
You feel sick. The rat misses you. The adder bites you.
You closely miss the adder.
The adder is severely wounded.
You feel sick. The adder bites you but does no damage. The rat bites you.
The adder bites you but does no damage.
You barely miss the adder.
The adder is severely wounded.
You feel sick. The rat closely misses you. The adder barely misses you.
You closely miss the adder.
The adder is severely wounded.
You feel sick. The rat closely misses you. The adder barely misses you.
The rat bites you.
You hit the adder.
The adder is almost dead.
You feel sick. The adder closely misses you. The adder bites you.
* * * LOW HITPOINT WARNING * * *
You are more poisoned.
The adder poisons you! The rat closely misses you.
You hit the adder.
The adder is almost dead.
You feel sick. The adder closely misses you.
The rat bites you but does no damage.
You closely miss the adder.
The adder is almost dead.
You feel sick. The adder bites you but does no damage.
The rat barely misses you. The adder closely misses you.
You barely miss the adder.
The adder is almost dead.
You feel sick. The adder bites you but does no damage. The rat bites you.
* * * LOW HITPOINT WARNING * * *
You hit the adder.
You kill the adder!
* * * LOW HITPOINT WARNING * * *
You feel sick. The rat bites you but does no damage.
You closely miss the rat.
You die...

..# #.# #.# #.#######
####### ...
....####...... #.#
#.........### #.#
#.........# #@#
#.........###
#.##r####............
#.................###
.r.....$####.........#
####.#### #.........#
#. #>........# #
#.........#
########### ##


You could see a rat.

Vanquished Creatures
  Jessica (D:2)
  Natasha (thrice) (D:2)
  3 adders
  A dart slug (D:1)
  A ribbon worm (D:2)
  2 ball pythons (D:1)
  9 endoplasms
  3 giant cockroaches (D:1)
  5 goblins
  3 hobgoblins
  2 jackals (D:1)
  2 kobolds
  2 bats (D:3)
  A frilled lizard (D:2)
  5 rats
43 creatures vanquished.

Notes
Turn   | Place    | Note
-------+----------+-------------------------------------------
     0 | D:1      | H0rd4k the Human Artificer began the quest for the Orb.
     0 | D:1      | Reached XP level 1. HP: 15/15 MP: 1/1
   206 | D:1      | Reached XP level 2. HP: 21/22 MP: 2/2
   556 | D:1      | Reached skill level 1 in Maces & Flails
   637 | D:1      | Reached XP level 3. HP: 24/28 MP: 3/3
   967 | D:2      | Found a faded altar of an unknown god.
  1003 | D:2      | Found a runed translucent door.
  1004 | D:2      | Noticed Crazy Yiuf
  1360 | D:2      | Noticed Natasha
  1365 | D:2      | Killed Natasha
  1366 | D:2      | Reached XP level 4. HP: 21/34 MP: 4/4
  1482 | D:2      | Noticed Jessica
  1489 | D:2      | Killed Jessica
  1856 | D:2      | Noticed Natasha
  1863 | D:2      | Killed Natasha
  1864 | D:2      | Reached XP level 5. HP: 30/41 MP: 5/5
  1962 | D:2      | Noticed Natasha
  1966 | D:2      | Killed Natasha
  2213 | D:3      | Found a stormy altar of Qazlal.
  2558 | D:3      | HP: 2/41 [poisoned by an adder]
  2559 | D:3      | Succumbed to an adder's poison

Illustrated notes

Levels and vault maps discovered:
D:1:      amcnicky_arrival_abandoned_market, layout_loops_ring, st_stairs_11,
          amcnicky_mini_pool_small
D:2:      layout_basic, chequers_ecumenical_altar_simple_redux, uniq_natasha,
          uniq_crazy_yiuf_cottage, uniq_jessica
D:3:      layout_loops_ring, mainiacjoe_overflow_24_doors

Skill      XL: |  1  2  3  4 |
---------------+-------------+-----
Fighting       | 2 3 |  3.4
Maces & Flails | 1 2 3 |  3.7
Armour         | |  2.0
Dodging        | |  1.0
Stealth        | |  1.0
Evocations     | |  3.0

Action                     |  1- 3 |  4- 6 || total
---------------------------+-------+-------++-------
  Melee: Club              |   151 |   101 ||   252
         Punch             |     1 |     2 ||     3
  Evoke: Wand              |     6 |    11 ||    17
   Stab: Sleeping          |     4 |     1 ||     5
 Armour: Leather armour    |    99 |    61 ||   160
  Dodge: Dodged            |   106 |    63 ||   169
